 Dungeon Crawl Stone Soup version 0.29-a0-474-gdfe5cd1 (webtiles) character file.

Game seed: 4735844707209586523

45 Think the Cutter (level 3, -1/26 HPs)
             Began as an Octopode Fighter on May 23, 2022.
             Was a Follower of Okawaru.
             Frozen to death by an endoplasm (3 damage)
             ... on level 2 of the Dungeon.
             The game lasted 00:07:38 (2010 turns).

Think the Cutter (Octopode Fighter)                 Turns: 2010, Time: 00:07:39

Health: -1/26      AC:  5    Str: 17    XL:     3   Next: 64%
Magic:  1/3        EV: 19    Int: 16    God:    Okawaru [*.....]
Gold:   71         SH:  5    Dex: 11    Spells: 2/2 levels left

rFire   . . .      SeeInvis .   a - +0 rapier
rCold   . . .      Faith    .   b - +0 buckler
rNeg    . . .      Spirit   .   (helmet restricted)
rPois   .          Reflect  .   (no amulet)
rElec   .          Harm     .   d - ring of wizardry
rCorr   .          Rampage  .   f - +4 ring of evasion
Will    .....                   k - +6 ring of intelligence
Stlth   ++++......              t - +4 ring of protection
HPRegen 0.08/turn               (no ring)
MPRegen 0.08/turn               (no ring)
                                (no ring)
                                (no ring)

@: heroic
A: almost no armour, amphibious, 8 rings, camouflage 1, gelatinous body 1,
(nimble swimmer 1), tentacles
a: Renounce Religion, Heroism


You were on level 2 of the Dungeon.
You worshipped Okawaru.
Okawaru was aware of your devotion.
You visited 1 branch of the dungeon, and saw 3 of its levels.

You collected 71 gold pieces.

Inventory:

Hand Weapons
 a - a +0 rapier (weapon)
Armour
 b - a +0 buckler (worn)
Jewellery
 d - a ring of wizardry (left tentacle)
 f - a +4 ring of evasion (right tentacle)
 k - a +6 ring of intelligence (on tentacle)
 s - a ring of ice
 t - a +4 ring of protection (on tentacle)
Scrolls
 h - a scroll of enchant weapon {unknown}
 i - 2 scrolls of teleportation {unknown}
 j - 2 scrolls of identify {unknown}
 l - a scroll of summoning {unknown}
 m - a scroll of poison {unknown}
 o - a scroll of silence {unknown}
 q - a scroll of immolation {unknown}
 r - a scroll of noise {unknown}
Potions
 c - a potion of might
 e - a potion of ambrosia {unknown}
 g - a potion of cancellation {unknown}
 n - a potion of brilliance {unknown}
 p - 2 potions of heal wounds {unknown}


   Skills:
 - Level 3.0(8.0) Fighting
 + Level 3.8(8.8) Short Blades
 - Level 3.0(8.0) Dodging
 - Level 1.0(6.0) Stealth
 - Level 3.0(8.0) Shields


You had 2 spell levels left.
You didn't know any spells.
Your spell library contained the following spells:

 Spells                   Type           Power      Damage    Failure   Level
 Ignite Poison            Fire/Tmut/Pois 0%         N/A       34%         3
 Mephitic Cloud           Conj/Pois/Air  0%         N/A       34%         3
 Ozocubu's Armour         Ice            0%         N/A       34%         3
 Freezing Cloud           Conj/Ice/Air   0%         6-21      96%         5
 Metabolic Englaciation   Hex/Ice        0%         N/A       96%         5
 Simulacrum               Ice/Necr       Unusable   N/A       N/A         6

Dungeon Overview and Level Annotations

Branches:
Dungeon (3/15)

Altars:
Okawaru


Innate Abilities, Weirdness & Mutations

You cannot wear most types of armour.
You are amphibious.
You can wear up to eight rings at the same time.
Your skin changes colour to match your surroundings (Stealth+).
Your rubbery body absorbs attacks. (AC +1, EV +1)
((You are camouflaged when in or above water. (Stealth+)))
You have tentacles for arms and can constrict up to eight enemies at once.


Message History

The gnoll is moderately wounded.
You constrict the gnoll. The gnoll hits you with a +0 flail.
You hit the gnoll.
The gnoll is heavily wounded.
You constrict the gnoll. The gnoll hits you with a +0 flail!
You hit the gnoll.
You kill the gnoll!
Okawaru accepts your kill.
Things that are here:
a +0 flail; a gnoll corpse You start resting.
HP restored.
t - a +4 ring of protection (on tentacle)
Okay, then.
Okay, then.
Okay, then.
Okay, then.
Done exploring.
Done exploring.
(D) Dungeon
Where to? (Enter - D:3, ? - help)
There is a stone staircase leading down here.
You climb downwards.
The gnoll hits you with a +0 club! The gnoll hits you but does no damage.
The gnoll barely misses you. The endoplasm freezes you.
You are frozen.
There is a stone staircase leading up here.
Okay, then.
You block the gnoll's attack. The gnoll hits you but does no damage.
The gnoll hits you with a +0 flail!
* * * LOW HITPOINT WARNING * * *
The endoplasm barely misses you.
You climb upwards.
There is a stone staircase leading down here.
Okay, then.
You gain the combat prowess of a mighty hero.
The gnoll closely misses you. You block the gnoll's attack.
The endoplasm freezes you.
You are frozen.
You die...

#..#.##.# #.#
############..#....#
#.#
..............#..###
#.#
#############.#..#
#.# # ##.#..# #.# #
#.#...# #.# ########
#..#..#######.#
.......#
#.##ggg.......#
..####.#
#.###@######### ...#
#.# #.# #J#
...###.#####.###.#
.................#
.#####.......#####
.# ######### ## # #


You could see 3 gnolls and an endoplasm.

Vanquished Creatures
  A gnoll (D:2)
  A worm (D:2)
  2 dart slugs (D:1)
  3 bats (D:2)
  3 endoplasms
  2 giant cockroaches (D:1)
  4 goblins
  A hobgoblin (D:1)
  2 quokkas (D:1)
  3 ball pythons
  A frilled lizard (D:1)
  2 kobolds (D:1)
  A rat (D:1)
26 creatures vanquished.

Notes
Turn   | Place    | Note
-------+----------+-------------------------------------------
     0 | D:1      | Think the Octopode Fighter began the quest for the Orb.
     0 | D:1      | Reached XP level 1. HP: 16/16 MP: 1/1
   204 | D:1      | Reached skill level 1 in Stealth
   220 | D:1      | Reached XP level 2. HP: 21/21 MP: 2/2
   846 | D:1      | Found a faded altar of an unknown god.
   860 | D:1      | Prayed at the altar of an unknown god.
   860 | D:1      | Became a worshipper of Warmaster Okawaru
   860 | D:1      | Reached * piety under Okawaru
  1198 | D:2      | Reached XP level 3. HP: 25/26 MP: 3/3
  2010 | D:2      | Frozen to death by an endoplasm

Illustrated notes

Levels and vault maps discovered:
D:1:      lordsloth_arrival_two_stooges, layout_basic, serial_aquarium,
          aquarium_bridge_straight [aquarium_subvault_bridge,
          aquarium_subvault_balcony, aquarium_subvault_bridge,
          aquarium_subvault_wall], aquarium_bridge_long_joined
          [aquarium_subvault_window, aquarium_subvault_wall,
          aquarium_subvault_window, aquarium_subvault_bridge,
          aquarium_subvault_bridge, aquarium_subvault_window],
          aquarium_window_fake, aquarium_window_fake, aquarium_window_fake,
          aquarium_view_2d, aquarium_view_2a, ebering_ecumenical_altar_rust,
          minivault_5, hangedman_decor_clover_reticule, st_stairs_14
D:2:      layout_loops_ring
D:3:      layout_rooms, minivault_26, uniq_crazy_yiuf_cottage

Skill      XL: |  1  2 |
---------------+-------+-----
Stealth        | 1 |  1.0
Short Blades   | 3 |  3.8
Fighting       | |  3.0
Dodging        | |  3.0
Shields        | |  3.0

Action                   || total
-------------------------++-------
Melee: Rapier            ||    48
       Constrict         ||    12
       Tentacles         ||     8
Invok: Heroism           ||     1
 Stab: Sleeping          ||     8
Armor: Skin              ||     5
Dodge: Dodged            ||    42
Block: Buckler           ||    10

Table legend: (Time is in decaauts)
 A = Elapsed time spent in this place.
 B = Non-inter-level travel time spent in this place.
 C = Inter-level travel time spent in this place.
 D = Time resting spent in this place.
 E = Time spent auto-exploring this place.
 F = Levels seen in this place.
 G = Mean time per level.
                   A        B        C        D        E       F      G
               +--------+--------+--------+--------+--------+-----+--------+
         Total |   2013 |   1980 |     33 |    272 |   1459 |   3 |  671.0 |
       Dungeon |   2013 |   1980 |     33 |    272 |   1459 |   3 |  671.0 |
               +--------+--------+--------+--------+--------+-----+--------+

Top non-repeatable levels by time:
     D:1: 1172 daAuts
     D:2: 804 daAuts
     D:3: 36 daAuts
